 Dungeon Crawl Stone Soup version 0.27.1-1-g398f81649c (webtiles) character file.

Game seed: 6055330769583315231

251 jondo1214 the Grave Robber (level 6, -1/46 HPs)
             Began as a Hill Orc Necromancer on Sept 13, 2021.
             Slain by Sigmund (4 damage)
             ... on level 3 of the Dungeon.
             The game lasted 00:26:16 (3522 turns).

jondo1214 the Grave Robber (Hill Orc Necromancer)   Turns: 3522, Time: 00:26:16

Health: -1/46      AC:  4    Str: 11    XL:     6   Next: 13%
Magic:  6/10       EV: 11    Int: 17    God:
Gold:   135        SH:  0    Dex: 11    Spells: 5/10 levels left

rFire    . . .     SeeInvis .   s - +2 quarterstaff (chaos)
rCold    . . .     Faith    .   (shield currently unavailable)
rNeg     . . .     Spirit   .   m - +0 leather armour
rPois    .         Reflect  .   (no helmet)
rElec    .         Harm     .   t - +0 cloak
rCorr    .         Rampage  .   (no gloves)
Will     .....                  (no boots)
Stlth    ++........             (no amulet)
HPRegen  0.15/turn              k - ring of flight
MPRegen  0.12/turn              (no ring)

@: flying
A: no striking features
a: no special abilities


You were on level 3 of the Dungeon.
You visited 1 branch of the dungeon, and saw 3 of its levels.

You collected 135 gold pieces.

Inventory:

Hand Weapons
 e - a +0 dagger
 h - a +0 short sword
 o - a +0 flail of protection
 r - a +2 mace of draining
 s - a +2 quarterstaff of chaos (weapon)
Armour
 a - a +0 robe
 g - a +0 plate armour
 l - a +0 chain mail
 m - a +0 leather armour (worn)
 t - a +0 cloak (worn)
Jewellery
 k - a ring of flight (left hand)
Scrolls
 b - a scroll of fear
 c - a scroll of acquirement {unknown}
 d - a scroll of blinking
 i - a scroll of fog
 j - a scroll of magic mapping {unknown}
 p - a scroll of teleportation {unknown}
 q - a scroll of amnesia {unknown}
 w - a scroll of identify
Potions
 f - a potion of magic
 n - 2 potions of curing
 u - a potion of cancellation
 v - a potion of might


   Skills:
 + Level 0.8 Fighting
 + Level 0.5 Short Blades
 + Level 0.3 Staves
 * Level 1.4 Armour
 + Level 1.9 Dodging
 * Level 2.7 Stealth
 * Level 2.6 Spellcasting
 * Level 5.3 Necromancy


You had 5 spell levels left.
You knew the following spells:

 Your Spells              Type           Power      Damage    Failure   Level
a - Pain                  Necr           80%        1d8       2%          1
b - Animate Skeleton      Necr           40%        N/A       2%          1
c - Vampiric Draining     Necr           10%        2d7       8%          3

Your spell library contained the following spells:

 Spells                   Type           Power      Damage    Failure   Level
 Magic Dart               Conj           8%         1d3       24%         1
 Animate Dead             Necr           10%        N/A       26%         4
 Call Imp                 Summ           2%         N/A       36%         2
 Mephitic Cloud           Conj/Pois/Air  2%         N/A       58%         3
 Agony                    Necr           20%        N/A       58%         5


Dungeon Overview and Level Annotations

Branches:
Dungeon (3/15)

Altars:
Vehumet

Shops:
D:2 (

Annotations:
D:3 Sigmund


Message History

You kill the quokka!
Your orc skeleton misses Sigmund.
Casting: Pain (safe; 2% risk of failure)
Confirm with . or Enter, or press ? or * to list all spells.
Aiming: Pain (safe; 2% risk of failure)
Press: ? - help, Shift-Dir - straight line, f - Sigmund
Aim: Sigmund, wielding a +4 scythe of flaming and wearing a +1 robe of willpower (lightly wounded, ally target, chance to affect: 56%) Sigmund resists with significant effort.
Your orc skeleton hits Sigmund with a +0 dagger.
Casting: Pain (safe; 2% risk of failure)
Confirm with . or Enter, or press ? or * to list all spells.
Aiming: Pain (safe; 2% risk of failure)
Press: ? - help, Shift-Dir - straight line, f/p - Sigmund
Aim: Sigmund, wielding a +4 scythe of flaming and wearing a +1 robe of willpower (lightly wounded, ally target, chance to affect: 56%) Sigmund resists with significant effort.
Casting: Pain (safe; 2% risk of failure)
Confirm with . or Enter, or press ? or * to list all spells.
Aiming: Pain (safe; 2% risk of failure)
Press: ? - help, Shift-Dir - straight line, f/p - Sigmund
Aim: Sigmund, wielding a +4 scythe of flaming and wearing a +1 robe of willpower (lightly wounded, ally target, chance to affect: 56%) Sigmund writhes in agony!
Sigmund casts a spell.
Sigmund flickers and vanishes!
Deactivating autopickup; reactivate with Ctrl-A.
The endoplasm freezes you.
You are frozen.
The endoplasm hits you.
There is an open door here.
The endoplasm freezes you.
You are frozen.
Something hits you. Something burns you. The endoplasm freezes you.
You are frozen.
* * * LOW HITPOINT WARNING * * *
The endoplasm hits you.
* * * LOW HITPOINT WARNING * * *
Something hits you!
* * * LOW HITPOINT WARNING * * *
Something burns you.
You die...

.P#.......#
..
..#.......#
#.#'#####
#.#.# # #Z#
#.# #{# #J#
#@#
#........
#########


You could see an endoplasm and a friendly orc skeleton.

Vanquished Creatures
  Crazy Yiuf (D:2)
  Natasha (twice) (D:3)
  Terence (D:2)
  7 adders
  A worm (D:2)
  3 dart slugs
  2 orcs (D:3)
  8 ball pythons
  An endoplasm (D:2)
  3 giant cockroaches
  3 goblins
  5 hobgoblins
  3 jackals (D:3)
  8 kobolds
  2 quokkas (D:3)
  4 bats
  3 frilled lizards
  2 rats
  A bush (D:2)
60 creatures vanquished.

Vanquished Creatures (collateral kills)
  Natasha (D:3)
  An adder (D:3)
  A goblin (D:1)
  A rat (D:2)
4 creatures vanquished.

Vanquished Creatures (others)
  A fungus (D:2)
  5 plants (D:3)
6 creatures vanquished.

Grand Total: 70 creatures vanquished

Notes
Turn   | Place    | Note
-------+----------+-------------------------------------------
     0 | D:1      | jondo1214 the Hill Orc Necromancer began the quest for the
                  | Orb.
     0 | D:1      | Reached XP level 1. HP: 14/14 MP: 3/3
    83 | D:1      | Learned a level 1 spell: Animate Skeleton
   264 | D:1      | Reached XP level 2. HP: 5/20 MP: 0/4
   603 | D:1      | Found a faded altar of an unknown god.
  1098 | D:2      | Found Ojonoen's Antique Weapon Emporium.
  1112 | D:2      | Reached XP level 3. HP: 20/26 MP: 1/5
  1134 | D:2      | Learned a level 3 spell: Vampiric Draining
  1265 | D:2      | Noticed Terence
  1272 | D:2      | Killed Terence
  1273 | D:2      | Reached XP level 4. HP: 23/34 MP: 0/7
  2265 | D:2      | Found a runed translucent door.
  2266 | D:2      | Noticed Crazy Yiuf
  2321 | D:2      | Killed Crazy Yiuf
  2322 | D:2      | Reached skill level 5 in Necromancy
  2545 | D:3      | Found a radiant altar of Vehumet.
  2563 | D:3      | Noticed Natasha
  2569 | D:3      | Killed Natasha
  2570 | D:3      | Reached skill level 1 in Armour
  2570 | D:3      | Reached XP level 5. HP: 18/39 MP: 6/8
  2579 | D:3      | Noticed Natasha
  2589 | D:3      | Killed Natasha
  3289 | D:3      | Noticed Natasha
  3298 | D:3      | Killed Natasha
  3299 | D:3      | Reached XP level 6. HP: 32/46 MP: 9/9
  3488 | D:3      | Noticed Sigmund
  3522 | D:3      | Slain by Sigmund

Illustrated notes

Levels and vault maps discovered:
D:1:      eino_arrival_water_star, layout_basic,
          hellmonk_ecumenical_altar_inner_sanctum
D:2:      layout_loops_ring, serial_shops, shop, minmay_pentomino_x2,
          uniq_terence, uniq_crazy_yiuf_cottage
D:3:      cheibrodos_old_hovel, layout_basic, nicolae_vehumet_altar_sigil,
          mainiacjoe_overflow_brackets, chequers_big_river,
          minmay_snake_closets, uniq_natasha, uniq_sigmund

Skill      XL: |  1  2  3  4 |
---------------+-------------+-----
Spellcasting   | 2 |  2.6
Necromancy     | 5 |  5.3
Armour         | 1 |  1.4
Stealth        | 2 |  2.7
Fighting       | |  0.8
Short Blades   | |  0.5
Staves         | |  0.3
Dodging        | |  1.9

Action                   |  1- 3 |  4- 6 || total
-------------------------+-------+-------++-------
Melee: Unarmed           |     6 |       ||     6
       Dagger            |    13 |       ||    13
       Short sword       |    19 |   137 ||   156
       Flail             |       |    58 ||    58
       Quarterstaff      |       |    49 ||    49
 Cast: Pain              |    36 |    20 ||    56
       Animate Skeleton  |    14 |    14 ||    28
       Vampiric Draining |       |    11 ||    11
  Use: Scroll            |     2 |     3 ||     5
       Potion            |       |     1 ||     1
 Stab: Sleeping          |     4 |     4 ||     8
Armor: Robe              |     9 |       ||     9
       Leather armour    |       |    42 ||    42
Dodge: Dodged            |    34 |    95 ||   129
